 Dungeon Crawl Stone Soup version 0.24.0-1-gfbc8707122 (webtiles) character file.

Game seed: 3103120697257836448, levelgen mode: deterministic

3637 Esekla the Slasher (level 9, 0/75 HPs)
             Began as a Purple Draconian Skald on Oct 26, 2019.
             Was a Follower of Sif Muna.
             Slain by a wolf (3 damage)
             ... led by Grum
             ... on level 7 of the Dungeon.
             The game lasted 01:17:10 (10309 turns).

Esekla the Slasher (Purple Draconian Skald)        Turns: 10309, Time: 01:17:11

Health: 0/75       AC:  9    Str: 13    XL:     9   Next: 87%
Magic:  0/16       EV: 14    Int: 17    God:    Sif Muna [*.....]
Gold:   351        SH:  0    Dex: 11    Spells: 7/18 levels left

rFire    + . .     SeeInvis .   a - +0 falchion
rCold    . . .     Gourm    .   (no shield)
rNeg     + . .     Faith    .   (armour unavailable)
rPois    .         Spirit   +   (helmet restricted)
rElec    .         Reflect  .   t - scarf {Spirit}
rCorr    .         Harm     .   r - +0 pair of gloves
MR       +....                  v - +0 pair of boots
Stlth    +.........             (no amulet)
HPRegen  1.22/turn              l - ring of positive energy
MPRegen  0.15/turn              (no ring)

@: about to teleport, regenerating
A: breathe power, unfitting armour, clever 1, clumsy 1, fire resistance 1,
cold-blooded, AC +7
a: Breathe Dispelling Energy, Channel Magic, Renounce Religion


You were on level 7 of the Dungeon.
You worshipped Sif Muna.
Sif Muna was aware of your devotion.
You were near starving.

You visited 2 branches of the dungeon, and saw 9 of its levels.

You collected 351 gold pieces.

Inventory:

Hand Weapons
 a - a +0 falchion (weapon)
 o - a +0 trident
Missiles
 i - 13 javelins (quivered)
Armour
 r - a +0 pair of gloves (worn)
 t - a scarf of spirit shield (worn)
 v - a +0 pair of boots (worn)
Jewellery
 l - a ring of positive energy (left hand)
 p - an uncursed ring of teleportation
Wands
 x - a wand of polymorph (9)
Scrolls
 b - a scroll of fear
 c - a scroll of blinking {unknown}
 d - 2 scrolls of remove curse
 e - a scroll of noise {unknown}
 f - a scroll of immolation {unknown}
 g - 6 scrolls of amnesia
 h - 2 scrolls of identify
 n - a scroll of teleportation
 u - a scroll of magic mapping {unknown}
Potions
 k - 2 potions of brilliance
 q - 2 potions of flight
 s - a potion of mutation
 w - 2 potions of invisibility
Comestibles
 j - 4 rations


   Skills:
 * Level 6.1 Fighting
 + Level 6.8 Long Blades
 + Level 4.9 Dodging
 + Level 5.2 Spellcasting
 * Level 4.4 Hexes
 + Level 5.6 Charms
 * Level 5.1 Necromancy
 + Level 4.8 Translocations


You had 7 spell levels left.
You knew the following spells:

 Your Spells              Type           Power        Failure   Level  Hunger
a - Infusion              Chrm           ###.         1%          1    None
b - Shroud of Golubria    Chrm/Tloc      ###...       2%          2    #......
c - Song of Slaying       Chrm           ###.....     1%          2    #......
e - Spectral Weapon       Hex/Chrm       ###.....     5%          3    ###....
g - Regeneration          Chrm/Necr      ###.......   4%          3    ###....

Your spell library contained the following spells:

 Spells                   Type           Power        Failure   Level  Hunger


Dungeon Overview and Level Annotations

Branches:
Dungeon (8/15)             Temple (1/1) D:6
   Lair: D:8-11

Altars:
Ashenzari
Cheibriados
Dithmenos
Fedhas
Gozag
Hepliaklqana
Kikubaaqudgha
Okawaru
Qazlal
Sif Muna
Trog
Uskayaw
Wu Jian
Xom
Yredelemnul
Zin
The Shining One


Innate Abilities, Weirdness & Mutations

You can breathe bolts of dispelling energy.
Your rich purple scales are hard. (AC +7)
You cannot fit into any form of body armour.
You are cold-blooded and may be slowed by cold attacks.
Your mind is acute. (Int +2)
You are clumsy. (Dex -2)
Your flesh is heat resistant. (rF+)


Message History

You hit the wolf.
The wolf is heavily wounded.
The wolf bites you but does no damage. The crocodile bites you!
* * * LOW HITPOINT WARNING * * *
The wolf closely misses you. The yak gores you!
* * * LOW HITPOINT WARNING * * *
Okay, then.
You hit the wolf.
The wolf is severely wounded.
The wolf bites you but does no damage. The crocodile misses you.
You riposte.
You closely miss the crocodile. You tail-slap the crocodile.
The crocodile is lightly wounded.
The wolf bites you.
* * * LOW HITPOINT WARNING * * *
The yak gores you!
* * * LOW HITPOINT WARNING * * *
You closely miss the wolf.
The wolf is severely wounded.
The wolf bites you.
You die...

#.#####......#
##.##
#'#≈≈⌠#.####.#
#...# ≈≈≈≈≈≈#.# #.#
#...# ###≈≈≈#.# #.#
#...#
#.##≈##.####.#
##.##
._.#≈#.....#.# #[#
#.##≈##.##.#.# #.#
#≈#≈≈≈#.##.#.####t#
≈≈≈≈≈≈#.##.....Y@h#
###≈≈⌠#.####.######
#.#####.####.#
.............#
##############


You could see a yak, a crocodile and a wolf.

Vanquished Creatures
  Grinder (D:3)
  Prince Ribbit (D:8)
  2 hippogriffs
  Sigmund (D:3)
  A spriggan (D:7)
  Grum (D:8)
  Edmund (D:5)
  A porcupine (D:8)
  2 orc warriors
  2 ice beasts
  A black bear (D:7)
  3 ogres
  3 wolves (D:7)
  2 centaurs
  A crocodile (D:8)
  A bullfrog (D:7)
  A water moccasin skeleton (D:7)
  A howler monkey (D:4)
  2 crimson imps
  5 hounds
  3 orc priests
  A bullfrog skeleton (D:4)
  3 iguanas
  5 orc wizards
  2 worker ants
  A hound skeleton (D:4)
  Robin (D:2)
  An adder (D:2)
  3 gnolls (D:2)
  A shadow imp (D:5)
  6 oozes
  An adder zombie (D:8)
  7 worms
  5 dart slugs
  4 leopard geckos
  23 orcs
  9 bats
  8 giant cockroaches
  20 goblins
  13 hobgoblins
  7 jackals
  10 kobolds
  5 quokkas
  2 ball pythons
  10 frilled lizards
  A giant cockroach zombie (D:6)
  A jackal skeleton (D:5)
  3 leopard gecko skeletons
  9 rats
198 creatures vanquished.

Vanquished Creatures (others)
  39 fungi (D:8)
  10 plants (D:8)
  3 spectral weapons
52 creatures vanquished.

Grand Total: 250 creatures vanquished

Notes
Turn   | Place    | Note
-------+----------+-------------------------------------------
     0 | D:1      | Esekla the Draconian Skald began the quest for the Orb.
     0 | D:1      | Reached XP level 1. HP: 17/17 MP: 3/3
   108 | D:1      | Reached XP level 2. HP: 17/24 MP: 0/5
   125 | D:1      | Learned a level 2 spell: Song of Slaying
   391 | D:2      | Reached XP level 3. HP: 28/30 MP: 2/6
   399 | D:2      | Learned a level 3 spell: Regeneration
  1016 | D:2      | Reached XP level 4. HP: 31/37 MP: 7/7
  1039 | D:2      | Reached skill level 1 in Necromancy
  1289 | D:2      | Noticed Robin
  1312 | D:2      | Killed Robin
  1780 | D:1      | Reached XP level 5. HP: 36/42 MP: 8/8
  2393 | D:1      | Learned a level 2 spell: Shroud of Golubria
  2934 | D:4      | Reached skill level 1 in Translocations
  2975 | D:4      | Noticed an ogre
  3233 | D:4      | Reached XP level 6. HP: 39/51 MP: 2/9
  3366 | D:5      | Entered Level 5 of the Dungeon
  3366 | D:5      | Noticed Sigmund
  3366 | D:5      | Noticed an ice beast
  3693 | D:3      | Noticed a hippogriff
  3709 | D:3      | Killed a hippogriff
  3928 | D:3      | Noticed Grinder
  3940 | D:3      | Paralysed by Grinder for 6 turns
  3955 | D:3      | Paralysed by Grinder for 3 turns
  3963 | D:3      | Killed Grinder
  3963 | D:3      | Your scales start taking on a rich purple colour.
  3963 | D:3      | Reached XP level 7. HP: 30/58 MP: 0/12
  4287 | D:4      | Reached skill level 5 in Long Blades
  4309 | D:4      | Learned a level 3 spell: Spectral Weapon
  4485 | D:5      | Noticed a two-headed ogre
  4715 | D:3      | Killed Sigmund
  4715 | D:3      | Reached skill level 1 in Hexes
  5123 | D:3      | Reached XP level 8. HP: 66/66 MP: 6/13
  5225 | D:5      | Noticed Edmund
  5279 | D:4      | Found a bloodstained altar of Trog.
  5789 | D:4      | Gained mutation: You are clumsy. (Dex -2) [potion of
                  | mutation]
  5789 | D:4      | Gained mutation: Your flesh is heat resistant. (rF+)
                  | [potion of mutation]
  5789 | D:4      | Gained mutation: Your mind is acute. (Int +2) [potion of
                  | mutation]
  5910 | D:5      | Killed Edmund
  6958 | D:6      | Found a staircase to the Ecumenical Temple.
  6992 | Temple   | Entered the Ecumenical Temple
  7002 | Temple   | Became a worshipper of Sif Muna the Loreminder
  7349 | D:5      | Found a hide-covered altar of Uskayaw.
  7738 | D:6      | Reached skill level 5 in Charms
  7775 | D:6      | Found an ornate altar of the Wu Jian Council.
  8173 | D:7      | Found a shimmering altar of Xom.
  8184 | D:7      | Reached skill level 5 in Fighting
  8184 | D:7      | Reached XP level 9. HP: 59/74 MP: 9/15
  8187 | D:7      | Noticed an angel
  8190 | D:7      | Found a glowing silver altar of Zin.
  8908 | D:7      | Found a snail-covered altar of Cheibriados.
  9013 | D:8      | Noticed Grum
  9967 | D:8      | Noticed Prince Ribbit
  9979 | D:8      | Killed Prince Ribbit
  9979 | D:8      | Reached skill level 5 in Spellcasting
 10061 | D:8      | Reached skill level 5 in Necromancy
 10106 | D:8      | Reached * piety under Sif Muna
 10300 | D:8      | Killed Grum
 10308 | D:7      | HP: 2/75 [yak (9)]
 10309 | D:7      | Slain by a wolf

Levels and vault maps discovered:
D:1:      psy_arrival_radial01, layout_basic
D:2:      layout_basic, first_ration, minmay_fractal_squares_gapless_5,
          uniq_robin
D:3:      layout_basic, minmay_bisected, uniq_grinder
D:4:      layout_rooms, kennysheep_little_box
D:5:      layout_basic, basic_altar, uniq_edmund, uniq_sigmund
D:6:      minmay_goblin_kobold_castle, layout_basic, minmay_temple_entry_tees,
          basic_altar
D:7:      layout_loops_ring, grunt_temple_overflow_order_and_chaos_1,
          the_bakery, cheibrodos_worm_habitat
D:8:      minmay_recursive_quarters, layout_loops_ring,
          due_lair_maze_entry_diamond, uniq_prince_ribbit1, uniq_gastronok,
          uniq_grum
Temple:   nicolae_temple_x_marks_the_god

Skill      XL: |  1  2  3  4  5  6  7  8  9 |
---------------+----------------------------+-----
Charms         | 3 4 5 |  5.6
Long Blades    | 3 4 5 6 |  6.8
Necromancy     | 1 2 3 4 5 |  5.1
Translocations | 1 2 3 4 |  4.8
Fighting       | 3 4 5 6 |  6.1
Dodging        | 3 4 |  4.9
Spellcasting   | 3 4 5 |  5.2
Hexes          | 1 3 4 |  4.4

Action                   |  1- 3 |  4- 6 |  7- 9 || total
-------------------------+-------+-------+-------++-------
Melee: Falchion          |   109 |   237 |   591 ||   937
       Tailslap          |    12 |    42 |    84 ||   138
Throw: Javelin           |     3 |     6 |     7 ||    16
 Cast: Infusion          |     5 |     9 |     5 ||    19
       Regeneration      |     4 |    10 |    35 ||    49
       Song of Slaying   |     2 |     2 |     1 ||     5
       Shroud of Golubri |       |     1 |     4 ||     5
       Spectral Weapon   |       |       |    25 ||    25
 Abil: Breathe Dispellin |       |       |     5 ||     5
  Use: Potion            |       |     5 |     3 ||     8
       Scroll            |       |       |     8 ||     8
 Stab: Distracted        |       |       |     4 ||     4
  Eat: Ration            |     1 |       |     4 ||     5
       Chunk             |       |    10 |    14 ||    24
Armor: Skin              |    15 |    67 |   176 ||   258
Dodge: Dodged            |    53 |   189 |   418 ||   660
       Rpst.: Falchion   |    18 |    51 |   104 ||   173
